 Dungeon Crawl Stone Soup version 0.28-a0-422-gd71735cc25 (webtiles) character file.

Game seed: 4357515622028659169

111557 robertstho the Eclecticist (level 17, -5/120 HPs)
             Began as a Djinni Fire Elementalist on Sept 8, 2021.
             Was an Initiate of Gozag.
             Slain by a merfolk (13 damage)
             ... on level 2 of the Shoals.
             The game lasted 01:04:40 (27952 turns).

robertstho the Eclecticist (DjFE)                  Turns: 27952, Time: 01:04:40

Health: -5/120     AC: 10    Str: 14    XL:     17   Next: 13%
Gold:   3938       EV: 10    Int: 23    God:    Gozag SH:  0 Dex: 12

rFire   + + .      SeeInvis .   N - +8 arc blade {discharge, rElec}
rCold   x . .      Faith    .   P - +0 kite shield {reflect}
rNeg    . . .      Spirit   .   C - +0 steam dragon scales
rPois   ∞          Reflect  +   (no helmet)
rElec   +          Harm     .   Q - scarf {repulsion}
rCorr   +          Rampage  .   x - +0 pair of gloves {Stlth+}
Will    +....                   (boots unavailable)
Stlth   ++++......              a - amulet of Cycu {Regen+ rCorr Str+4 Dex-3}
HPRegen 1.30/turn               y - ring "Loyled" {AC+4 Str+3}
MPRegen 0.00/turn               B - ring "Xucihip" {rPois EV+4}

@: gold aura, flying, held, hasted, repel missiles, very quick
A: sickness immunity, fire resistance 2, cold vulnerability 1, float, innate
caster, hp casting, extra vitality 1
a: Renounce Religion, Potion Petition, Call Merchant, Bribe Branch


You were on level 2 of the Shoals.
You worshipped Gozag.
Gozag was most pleased with you.
You visited 5 branches of the dungeon, and saw 26 of its levels.
You also visited: Sewer and Volcano.

You collected 7427 gold pieces.
You spent 1927 gold pieces at shops.
You paid 1562 gold pieces to Gozag.

Inventory:

Hand Weapons
 b - a +1 war axe of freezing
 g - a +1 dagger of venom
 N - the +8 arc blade (weapon) {discharge, rElec}
   (You bought it in a shop on level 3 of the Lair of Beasts)

   It occasionally unleashes powerful arcs of lightning upon striking a foe.
   These may arc to other adjacent creatures (including the wielder, but dealing
   reduced damage to them) before grounding out.
   rElec:     It insulates you from electricity.
Missiles
 r - 2 throwing nets
Armour
 x - a +0 pair of gloves of stealth (worn)
 C - +0 steam dragon scales (worn)
 H - a +2 robe of cold resistance
 M - a +2 tower shield of reflection
 P - a +0 kite shield of reflection (worn)
 Q - a scarf of repulsion (worn)
Jewellery
 a - the amulet of Cycu (around neck) {Regen+ rCorr Str+4 Dex-3}
   (You acquired it on level 7 of the Dungeon)

   [amulet of regeneration]

   Str:       It affects your strength (+4).
   Dex:       It affects your dexterity (-3).
   Regen:     It increases your rate of health regeneration.
   rCorr:     It protects you from acid and corrosion.
 y - the ring "Loyled" (left hand) {AC+4 Str+3}
   (You bought it in a shop on level 11 of the Dungeon)

   [ring of protection]

   AC:        It affects your AC (+4).
   Str:       It affects your strength (+3).
 B - the ring "Xucihip" (right hand) {rPois EV+4}
   (You acquired it on level 10 of the Dungeon)

   [ring of evasion]

   EV:        It affects your evasion (+4).
   rPois:     It protects you from poison.
 F - a +4 ring of evasion
 G - a ring of ice
 S - a ring of willpower
 U - a ring of positive energy
Wands
 z - a wand of paralysis (15)
 A - a wand of digging (10)
 J - a wand of iceblast (2)
 L - a wand of polymorph (8)
 O - a wand of flame (16)
Scrolls
 c - 3 scrolls of vulnerability
 d - 4 scrolls of fog
 e - a scroll of acquirement
 i - a scroll of holy word
 k - 8 scrolls of teleportation
 m - a scroll of summoning
 s - 8 scrolls of magic mapping
 u - 5 scrolls of enchant armour
 v - a scroll of fear
 E - a scroll of enchant weapon
Potions
 f - 10 potions of mutation
 h - 3 potions of haste
 j - 4 potions of cancellation
 l - a potion of curing
 o - 4 potions of brilliance
 q - 2 potions of invisibility
 t - 2 potions of ambrosia
 w - 4 potions of resistance
 D - 5 potions of flight
 I - 2 potions of might
 K - 2 potions of attraction


   Skills:
 * Level 10.7 Fighting
 + Level 3.3 Short Blades
 + Level 8.0 Dodging
 + Level 5.7 Stealth
 + Level 3.0 Shields
 * Level 18.3 Spellcasting
 + Level 3.1 Evocations


You had 9 spell levels left.
You knew the following spells:

 Your Spells              Type           Power      Damage    Failure   Level
a - Foxfire               Conj/Fire      100%       2x1d9     0%          1
b - Scorch                Fire           100%       2d10      0%          2
c - Conjure Flame         Conj/Fire      81%        6-21      1%          3
d - Inner Flame           Hex/Fire       81%        N/A       1%          3
e - Flame Wave            Conj/Fire      81%        3d14      1%          4
f - Summon Small Mammal   Summ           100%       N/A       0%          1
g - Poisonous Vapours     Pois/Air       100%       N/A       0%          2
h - Ensorcelled Hibernat  Hex/Ice        100%       N/A       0%          2
i - Portal Projectile     Hex/Tloc       100%       N/A       1%          3
j - Alistair's Intoxicat  Tmut/Pois      54%        N/A       1%          5
k - Agony                 Necr           81%        N/A       1%          5
l - Statue Form           Tmut/Erth      54%        N/A       1%          6
m - Death Channel         Necr           40%        N/A       1%          6
Your spell library was empty.

Dungeon Overview and Level Annotations

Branches:
Dungeon (15/15)            Temple (1/1) D:7            Lair (6/6) D:9
 Shoals (2/4) Lair:4       Spider (0/4) Lair:3        Slime (0/5) Lair:6
    Orc (2/2) D:10            Elf (0/3) Orc:2        Vaults (0/5) D:14
  Sewer (visited)         Volcano (visited)
 Depths: D:15

Altars:
Ashenzari
Cheibriados
Dithmenos
Elyvilon
Gozag
Hepliaklqana
Kikubaaqudgha
Makhleb
Nemelex Xobeh
Ru
Sif Muna
Uskayaw
Wu Jian
Xom
Yredelemnul
Zin
Beogh
Jiyva

Shops:
D:2 ([!*   D:5 [   D:6 [?[   D:8 :!=[   D:9 (   D:10 *   D:11 =   Lair:3 (

Portals:
Trove: D:11 (give 12 potions of heal wounds)

Annotations:
D:10 3 runed translucent doors, exclusion: obsidian statue, kairosrom117's ghost, novice MiFi
Lair:2 2 runed translucent doors, Angani's ghost, journeyman DrCA
Lair:4 3 runed translucent doors, robertstho's ghost, journeyman GnFE


Innate Abilities, Weirdness & Mutations

You are immune to sickness and miasma.
You are immune to poison.
Your flesh is very heat resistant. (rF++)
You are vulnerable to cold. (rC-)
You float through the air rather than walking.
You learn spells naturally, not from books.
Your magical power is your life essence.
You have superior vitality. (+4 HP)


Message History

As you read the scroll of fear, it crumbles to dust.
You assume a fearsome visage.
The merfolk resists with some effort.
The merfolk looks frightened!
The merfolk barely misses you.
Unknown command.
Casting: Foxfire (safe; 0% risk of failure)
Press: ? - help, Q - select action, (/) - cycle Dir - look around, f - activate You conjure some foxfire!
* * * LOW HITPOINT WARNING * * *
The merfolk hits you from afar with a +0 trident!
* * * LOW HITPOINT WARNING * * *
Casting: Foxfire (safe; 0% risk of failure)
Confirm with . or Enter, or press ? or * to list all spells.
Flames lash the merfolk.
The merfolk is lightly wounded.
The merfolk's fire resistance burns away.
* * * LOW HITPOINT WARNING * * *
The foxfire hits the merfolk.
The merfolk is burned terribly!
The merfolk is lightly wounded.
The foxfire hits the merfolk.
The merfolk is burned terribly!
The merfolk is moderately wounded.
You feel better.
The merfolk hits you from afar with a +0 trident.
* * * LOW HITPOINT WARNING * * *
You feel better.
The merfolk hits you from afar with a +0 trident.
* * * LOW HITPOINT WARNING * * *
Casting: Scorch (safe; 0% risk of failure)
Confirm with . or Enter, or press ? or * to list all spells.
Flames lash the merfolk.
The merfolk is burned terribly!
The merfolk is moderately wounded.
* * * LOW HITPOINT WARNING * * *
Unknown command.
Casting: Scorch (safe; 0% risk of failure)
Confirm with . or Enter, or press ? or * to list all spells.
Flames lash the merfolk.
The merfolk is burned terribly!
The merfolk is severely wounded.
* * * LOW HITPOINT WARNING * * *
The merfolk hits you from afar with a +0 trident!
You die...
Your body crumbles into a pile of gold.

..## ### ......
...#####.###.≈....###
#....##..≈......≈...#
#..<.#.≈≈≈≈≈≈≈≈≈≈≈..###
#..........≈≈≈≈≈≈≈≈...#
#..≈≈≈≈.....≈≈≈≈≈≈...#
.≈≈≈≈≈≈......≈.......# #
≈≈≈≈≈≈≈......≈....m#...≈
.≈≈≈≈≈..........@.$..≈≈≈
.≈≈≈≈.....##...##.$.≈≈≈≈
≈≈≈≈>.##.≈........≈≈≈≈≈≈
≈≈≈≈.##.≈≈≈≈≈....≈≈≈≈≈≈≈
≈≈≈≈≈≈≈≈≈≈≈≈≈≈≈!.≈≈≈≈≈≈≈
≈≈≈≈≈≈≈≈≈≈≈≈≈≈≈≈≈≈≈≈≈≈
≈≈..≈≈≈≈≈≈≈≈≈≈≈≈≈≈≈≈
....≈≈≈≈≈≈≈≈≈≈≈≈≈≈≈
......≈≈≈≈≈≈≈≈≈


You could see a merfolk (inflammable).

Vanquished Creatures
  Rupert (Orc:2)
  Gastronok (D:12)
  A merfolk javelineer (Shoals:2)
  Snorg (Lair:5)
  2 merfolk impalers
  A vault guard (D:14)
  Fannar (D:10)
  3 boulder beetles
  11 hydras
  2 catoblepae
  A death knight (D:13)
  A centaur warrior (D:13)
  Erica (Orc:1)
  2 tengu warriors
  6 two-headed ogres
  7 hell knights (D:10)
  3 orc high priests
  5 sea snakes
  4 orc knights
  A deep elf pyromancer (D:14)
  2 wolf spiders (Lair:3)
  3 harpies (Shoals:2)
  2 necromancers (D:10)
  2 phantasmal warriors (D:13)
  2 cyclopes
  4 orc sorcerers (Orc:2)
  4 ugly things
  10 manticores
  7 black mambas
  6 elephants (Lair:6)
  19 cane toads
  A merfolk siren (Shoals:1)
  2 molten gargoyles (Lair:5)
  2 water nymphs (Shoals:1)
  Maggie (D:6)
  A gargoyle (D:12)
  8 rime drakes
  An efreet (D:15)
  A yaktaur (shapeshifter) (D:14)
  A freezing wraith (D:13)
  A tengu conjurer (D:14)
  5 komodo dragons
  10 trolls
  3 meliai (D:15)
  11 merfolk
  4 snapping turtles
  5 polar bears
  34 blink frogs
  Prince Ribbit (D:5)
  Grinder (D:6)
  19 slime creatures
  A wind drake (Lair:4)
  7 hornets (Lair:6)
  3 dream sheep (Shoals:1)
  4 water elementals
  A centaur simulacrum (D:14)
  2 wraiths (D:11)
  A redback (Lair:3)
  36 yaks
  14 spriggans (Lair:6)
  4 wyverns
  Grum (Lair:1)
  A fire bat (Volcano)
  2 basilisks
  3 steam dragons
  12 vampire mosquitoes
  5 wargs
  15 water moccasins
  An acid dragon (D:9)
  7 hell hounds (D:10)
  33 orc warriors
  4 black bears
  47 wolves
  6 ogres
  3 boggarts (Lair:6)
  6 centaurs
  2 phantoms
  2 kobold brigands
  15 bullfrogs
  3 wyvern zombies
  3 scorpions
  A water moccasin zombie (D:6)
  A hornet simulacrum (D:15)
  A killer bee (D:7)
  17 wights
  4 electric eels
  2 howler monkeys
  5 lava snakes (Lair:5)
  3 bullfrog zombies
  2 centaur zombies (D:7)
  2 jellies
  A centaur skeleton (D:7)
  7 hounds
  20 orc priests
  A gnoll shaman (D:7)
  A bullfrog skeleton (D:7)
  3 iguanas
  29 orc wizards
  5 hell rats (Lair:6)
  A killer bee zombie (D:8)
  2 howler monkey zombies
  7 gnolls
  A howler monkey skeleton (D:6)
  13 adders
  5 river rats (Sewer)
  A shadow imp (D:8)
  A white imp (D:7)
  An ufetubus (D:6)
  2 worms (D:2)
  5 dart slugs
  69 orcs
  19 ball pythons
  7 endoplasms
  9 giant cockroaches
  7 goblins
  4 hobgoblins
  3 jackals (D:4)
  14 kobolds
  2 quokkas
  7 bats
  3 frilled lizards (D:3)
  25 rats
  3 bushes (D:14)
788 creatures vanquished.

Vanquished Creatures (collateral kills)
  A polar bear (Lair:6)
  18 foxfires
19 creatures vanquished.

Vanquished Creatures (others)
  An orc wizard (Orc:2)
  2186 foxfires
  18 fungi
  37 plants
2242 creatures vanquished.

Grand Total: 3049 creatures vanquished

Notes
Turn   | Place    | Note
-------+----------+-------------------------------------------
     0 | D:1      | robertstho the Djinni Fire Elementalist began the quest for
                  | the Orb.
     0 | D:1      | Reached XP level 1. HP: 15/15 MP: 0/0
   230 | D:1      | Found a faded altar of an unknown god.
   472 | D:1      | Reached XP level 2. HP: 20/21 MP: 0/0
   920 | D:1      | You are sucked into a shaft and drop 1 floor!
   937 | D:2      | Reached skill level 3 in Spellcasting
   937 | D:2      | Reached XP level 3. HP: 11/26 MP: 0/0
   937 | D:2      | Learned a level 1 spell: Summon Small Mammal
  1238 | D:2      | Found Avepe's Weapon Shoppe.
  1628 | D:2      | Found Xepelli's Armour Emporium.
  1692 | D:2      | Found an ornate altar of the Wu Jian Council.
  2053 | D:2      | Found Wupupl Lale's General Store.
  2061 | D:2      | Bought a scroll of teleportation for 39 gold pieces
  2061 | D:2      | Bought a scroll of identify for 26 gold pieces
  2165 | D:2      | Found Awkithri's Distillery.
  2352 | D:3      | Reached XP level 4. HP: 30/31 MP: 0/0
  2516 | D:3      | Noticed a scorpion
  3226 | D:3      | Killed a scorpion
  3227 | D:3      | Reached skill level 1 in Fighting
  3227 | D:3      | Reached skill level 4 in Spellcasting
  3227 | D:3      | Reached XP level 5. HP: 31/37 MP: 0/0
  3227 | D:3      | Learned a level 2 spell: Poisonous Vapours
  4073 | D:4      | Found a shimmering altar of Xom.
  4129 | D:4      | Found a shadowy altar of Dithmenos.
  4229 | D:4      | Reached XP level 6. HP: 11/42 MP: 0/0
  5503 | D:4      | Reached XP level 7. HP: 40/48 MP: 0/0
  5503 | D:4      | Learned a level 2 spell: Ensorcelled Hibernation
  5752 | D:5      | Entered Level 5 of the Dungeon
  5761 | D:5      | Reached skill level 5 in Spellcasting
  5956 | D:5      | Found a glowing drain.
  6104 | Sewer    | Entered a sewer
  6461 | Sewer    | Reached skill level 1 in Short Blades
  7010 | D:5      | Found Ilyhaa's Armour Emporium.
  7050 | D:5      | Reached XP level 8. HP: 50/55 MP: 0/0
  7104 | D:5      | Reached skill level 6 in Spellcasting
  7227 | D:5      | Noticed Prince Ribbit
  7233 | D:5      | Killed Prince Ribbit
  7740 | D:5      | Found a basalt altar of Yredelemnul.
  7744 | D:5      | Found a hazy altar of Hepliaklqana.
  7744 | D:5      | Found a glowing silver altar of Zin.
  7920 | D:6      | Found Kisouful's Armour Emporium.
  8008 | D:6      | Noticed Grinder
  8014 | D:6      | Killed Grinder
  8015 | D:6      | Reached skill level 7 in Spellcasting
  8084 | D:6      | Found Jown's Antique Armour Shop.
  8127 | D:6      | Reached XP level 9. HP: 45/61 MP: 0/0
  8127 | D:6      | Learned a level 3 spell: Portal Projectile
  8461 | D:6      | Reached skill level 8 in Spellcasting
  8952 | D:6      | Noticed Maggie
  8962 | D:6      | Killed Maggie
  9500 | D:6      | Found Puyrak's Magic Scroll Shoppe.
  9693 | D:7      | Reached skill level 9 in Spellcasting
  9816 | D:7      | Reached XP level 10. HP: 65/69 MP: 0/0
  9863 | D:7      | Found a staircase to the Ecumenical Temple.
 10853 | D:7      | Reached skill level 5 in Fighting
 10860 | D:7      | Identified 2 scrolls of acquirement
 10868 | D:7      | Acquired the amulet of Cycu {Regen+ rCorr Str+4 Dex-3}
 11019 | D:8      | Found Jeulan's Jewellery Emporium.
 11108 | Temple   | Entered the Ecumenical Temple
 11122 | Temple   | Became a worshipper of Gozag Ym Sagoz the Greedy
 11327 | D:8      | Found Ijefy's Antique Armour Boutique.
 11332 | D:8      | Bought a pair of embroidered gloves for 217 gold pieces
 11415 | D:8      | Found Wapluhim's Book Shop.
 11484 | D:8      | Found Xoclojer's Distillery.
 11992 | D:9      | Noticed a white ugly thing
 11995 | D:9      | Reached skill level 10 in Spellcasting
 11998 | D:9      | Killed a white ugly thing
 12093 | D:9      | Reached XP level 11. HP: 69/76 MP: 0/0
 12093 | D:9      | Learned a level 5 spell: Alistair's Intoxication
 12114 | D:9      | Found a staircase to the Lair.
 12263 | D:9      | Found Zemn's Antique Weapon Boutique.
 12707 | D:9      | Found a sacrificial altar of Ru.
 12786 | D:10     | Entered Level 10 of the Dungeon
 12786 | D:10     | Noticed a two-headed ogre
 12789 | D:10     | Killed a two-headed ogre
 12790 | D:10     | Reached skill level 11 in Spellcasting
 13121 | D:10     | Noticed a two-headed ogre
 13129 | D:10     | Killed a two-headed ogre
 13164 | D:10     | Found a runed translucent gate.
 13165 | D:10     | Found a runed translucent gate.
 13165 | D:10     | Found an opulent altar of Gozag.
 13166 | D:10     | Found a runed translucent gate.
 13166 | D:10     | Noticed an obsidian statue
 13168 | D:10     | Found Soipor's Assorted Antiques.
 13168 | D:10     | Noticed kairosrom117's ghost (novice MiFi)
 13168 | D:10     | Noticed a harpy
 13169 | D:10     | Noticed an ogre mage
 13241 | D:10     | Noticed Fannar
 13250 | D:10     | Killed Fannar
 13407 | D:10     | Noticed a hell knight
 13410 | D:10     | Noticed a necromancer
 13420 | D:10     | Acquired the ring "Xucihip" {rPois EV+4}
 13460 | D:10     | Found a white marble altar of Elyvilon.
 13473 | D:10     | Found a staircase to the Orcish Mines.
 13782 | D:10     | Killed a hell knight
 13783 | D:10     | Reached skill level 12 in Spellcasting
 13789 | D:10     | Noticed a hell knight
 13790 | D:10     | Killed a hell knight
 13791 | D:10     | Noticed a hell knight
 13794 | D:10     | Noticed a hell knight
 13794 | D:10     | Killed a hell knight
 13795 | D:10     | Reached skill level 1 in Evocations
 13795 | D:10     | Reached XP level 12. HP: 74/84 MP: 0/0
 13795 | D:10     | Noticed a hell knight
 13797 | D:10     | Killed a hell knight
 13800 | D:10     | Noticed a hell knight
 13800 | D:10     | Killed a hell knight
 13801 | D:10     | Killed a hell knight
 13858 | D:10     | Noticed a hell knight
 13867 | D:10     | Killed a hell knight
 14189 | D:11     | Reached skill level 13 in Spellcasting
 14234 | D:11     | Found Mank's Jewellery Shop.
 14262 | D:11     | Bought the ring "Loyled" {AC+4 Str+3} for 640 gold pieces
 14448 | D:11     | Found a portal to a secret trove of treasure.
 14751 | D:12     | Noticed a two-headed ogre
 14763 | D:12     | Killed a two-headed ogre
 14811 | D:12     | Reached XP level 13. HP: 66/90 MP: 0/0
 14811 | D:12     | Learned a level 5 spell: Agony
 14899 | D:12     | Noticed Gastronok
 14913 | D:12     | Killed Gastronok
 14914 | D:12     | Reached skill level 5 in Dodging
 15126 | D:12     | Reached skill level 14 in Spellcasting
 15798 | D:13     | Noticed a centaur warrior
 15806 | D:13     | Killed a centaur warrior
 15884 | D:13     | Noticed a boulder beetle
 15904 | D:13     | Killed a boulder beetle
 16328 | D:14     | Noticed a six-headed hydra
 16335 | D:14     | Killed a six-headed hydra
 16368 | D:14     | Noticed a boulder beetle
 16538 | Lair:1   | Entered Level 1 of the Lair of Beasts
 16549 | Lair:1   | Reached XP level 14. HP: 99/99 MP: 0/0
 16569 | Lair:1   | Noticed Grum
 16578 | Lair:1   | Killed Grum
 16579 | Lair:1   | Reached skill level 15 in Spellcasting
 17413 | Lair:2   | Reached skill level 5 in Stealth
 17621 | Lair:2   | Found a hide-covered altar of Uskayaw.
 17875 | Lair:2   | Found a large runed translucent door.
 17875 | Lair:2   | Found a large runed translucent door.
 17877 | Lair:2   | Noticed Angani's ghost (journeyman DrCA)
 18045 | Lair:2   | Reached skill level 16 in Spellcasting
 18646 | Lair:3   | Reached XP level 15. HP: 99/105 MP: 0/0
 18646 | Lair:3   | Learned a level 6 spell: Statue Form
 18817 | Lair:3   | Found a hole to the Spider Nest.
 19367 | Lair:3   | Found the +4 Cigotuvi's embrace {rMiasma Drain rN+}
 19513 | Lair:3   | Bought the +8 arc blade {discharge, rElec} for 780 gold
                  | pieces
 19513 | Lair:3   | Found the +8 arc blade {discharge, rElec}
 19636 | Lair:4   | Found a runed translucent gate.
 19636 | Lair:4   | Found a runed translucent gate.
 19636 | Lair:4   | Found a runed translucent gate.
 19999 | Lair:4   | Found a hazy altar of Hepliaklqana.
 20025 | Lair:4   | Noticed robertstho's ghost (journeyman GnFE)
 20101 | Lair:4   | Found a staircase to the Shoals.
 20563 | D:6      | Bought a +0 kite shield of reflection for 93 gold pieces
 20563 | D:6      | Bought a scarf of repulsion for 132 gold pieces
 20801 | Lair:5   | Found a dark tunnel.
 20810 | Volcano  | Entered a volcano
 20883 | Lair:5   | Noticed Snorg
 20905 | Lair:5   | Killed Snorg
 22253 | Lair:6   | Entered Level 6 of the Lair of Beasts
 22306 | Lair:6   | Reached skill level 1 in Shields
 22323 | Lair:6   | Reached skill level 10 in Fighting
 22443 | Lair:6   | Reached skill level 17 in Spellcasting
 22783 | Lair:6   | Reached XP level 16. HP: 99/113 MP: 0/0
 23018 | Lair:6   | Found a viscous altar of Jiyva.
 23018 | Lair:6   | Found a staircase to the Slime Pits.
 23744 | Orc:1    | Entered Level 1 of the Orcish Mines
 23960 | Orc:2    | Entered Level 2 of the Orcish Mines
 24410 | Orc:2    | Found a staircase to the Elven Halls.
 24888 | Orc:2    | Noticed Rupert
 25164 | Orc:1    | Noticed Erica
 25171 | Orc:1    | Killed Erica
 25417 | Orc:2    | Killed Rupert
 25774 | D:14     | You are sucked into a shaft and drop 1 floor!
 25774 | D:15     | Entered Level 15 of the Dungeon
 26229 | D:14     | Found a gate to the Vaults.
 26719 | Shoals:1 | Entered Level 1 of the Shoals
 26851 | Shoals:1 | Reached skill level 18 in Spellcasting
 27739 | Shoals:2 | Reached XP level 17. HP: 103/120 MP: 0/0
 27739 | Shoals:2 | Learned a level 6 spell: Death Channel
 27937 | Shoals:2 | HP: 6/120 [merfolk impaler (1)]
 27947 | Shoals:2 | HP: 5/120 [merfolk (15)]
 27952 | Shoals:2 | Slain by a merfolk

Illustrated notes

Levels and vault maps discovered:
D:1:      zaba_arrival_water, layout_basic, shapermc_ecumenical_altar_notcrosses
D:2:      layout_basic, serial_shops, shop_coins, shop,
          nicolae_shop_statue_plus, nicolae_shop_stone, basic_altar
D:3:      layout_basic, minmay_fractal_squares_5
D:4:      layout_basic, amcnicky_altar_gilded, grunt_dithmenos_smoke_and_mirrors
D:5:      layout_loops_corners, kennysheep_mini_moat,
          grunt_temple_overflow_open, serial_shops, shop_statue,
          gup_sewer_entry_glass, uniq_prince_ribbit1
D:6:      minmay_opposing_rooms, layout_basic, serial_shops, kennysheep_mini,
          nicolae_shop_crystal, nicolae_shop_competitors_out_of_business,
          uniq_grinder, uniq_maggie
D:7:      minmay_razor_zed, layout_loops_corners, led_sif_book,
          minmay_temple_entry_poolview
D:8:      layout_rooms, serial_shops, nicolae_shop_stone, nicolae_diamond_shop,
          kennysheep_little_box, nicolae_shop_stone
D:9:      layout_loops_cross, mainiacjoe_overflow_alcove_1, erik_lair_island,
          serial_shops, shop_statue
D:10:     layout_basic, elyvilon_altar_4, minmay_orc_entry_temple_small,
          ebering_ghost_gozag, grunt_ministairs_10, minmay_rotating_lava,
          uniq_fannar
D:11:     layout_roguey, nicolae_trove_entry_crossroad, serial_shops, shop,
          library_closet
D:12:     minmay_goldmine, layout_basic, uniq_gastronok
D:13:     layout_roguey
D:14:     layout_irregular_city, david_vaults_5, minmay_hedge_maze
D:15:     grunt_enter_depths_magical_seal, layout_basic,
          nicolae_ashenzari_skybound
Temple:   nicolae_temple_god_jail
Lair:1:   layout_gridlike, uniq_grum
Lair:2:   layout_roguey, basic_altar, ebering_ghost_disaster_area,
          grunt_forest_large_clearings
Lair:3:   layout_cave_pods, spider_nest_entry_funnel_web, grunt_megastairs_4
Lair:4:   layout_small_grid, minmay_shoals_entry_beasts,
          maelrawn_ghost_gauntlet_escape, basic_altar, serial_bayou_ford_a
Lair:5:   cheibrodos_magma_flow, layout_cave_pods, enter_volcano_2,
          grunt_megastairs_2, uniq_snorg
Lair:6:   minmay_lair_end_enchanted_forest, layout_cave_shapes, slime_altar_1,
          grunt_megastairs_3, infiniplex_staircase_pool, serial_bayou_shore_a
Shoals:1: layout_shoals
Shoals:2: layout_shoals
Orc:1:    layout_caves, uniq_erica
Orc:2:    st_orc_congregation, layout_diamond_mine, uniq_rupert

Skill      XL: |  1  2  3  4  5  6  7  8  9 10 11 12 13 14 15 16 17 |
---------------+----------------------------------------------------+-----
Spellcasting   | 3 4 5 7 9 10 12 13 14 16 17 18 | 18.3
Stealth        | 2 3 4 5 |  5.7
Fighting       | 1 2 3 4 5 6 7 8 9 10 | 10.7
Short Blades   | 1 2 3 |  3.3
Dodging        | 3 4 5 6 7 8 |  8.0
Evocations     | 1 2 3 |  3.1
Shields        | 1 2 3 |  3.0

Action                   |  1- 3 |  4- 6 |  7- 9 | 10-12 | 13-15 | 16-18 || total
-------------------------+-------+-------+-------+-------+-------+-------++-------
Melee: Dagger            |     4 |    77 |    27 |    25 |    18 |       ||   151
       Rapier            |       |       |       |       |    68 |    14 ||    82
 Cast: Foxfire           |    84 |    33 |   123 |   174 |   411 |   445 ||  1270
       Scorch            |       |    34 |    30 |    43 |    63 |    44 ||   214
       Flame Wave        |       |       |    15 |    47 |   123 |    62 ||   247
       Alistair's Intoxi |       |       |       |    23 |     7 |    10 ||    40
       Statue Form       |       |       |       |       |     2 |       ||     2
       Ensorcelled Hiber |       |       |       |       |       |     1 ||     1
Invok: Call Merchant     |       |       |       |       |     1 |       ||     1
       Potion Petition   |       |       |       |       |       |     3 ||     3
Evoke: Wand              |       |       |       |    18 |     5 |    14 ||    37
  Use: Scroll            |     3 |       |       |    14 |     7 |    13 ||    37
       Potion            |       |       |       |       |     1 |    11 ||    12
 Stab: Sleeping          |       |     2 |     1 |       |     4 |     2 ||     9
       Distracted        |       |       |     1 |       |     1 |       ||     2
Armor: Robe              |     2 |    22 |     8 |       |       |       ||    32
       Steam dragon scal |       |       |    12 |    35 |    90 |    27 ||   164
       Skin              |       |       |       |       |     5 |       ||     5
Dodge: Dodged            |     5 |    63 |    49 |   102 |   263 |   114 ||   596
       Repelled          |       |       |       |       |     3 |     6 ||     9
Block: Kite shield       |       |       |       |       |    33 |    61 ||    94
       Reflection        |       |       |       |       |     2 |     5 ||     7

Table legend: (Time is in decaauts)
 A = Elapsed time spent in this place.
 B = Non-inter-level travel time spent in this place.
 C = Inter-level travel time spent in this place.
 D = Time resting spent in this place.
 E = Time spent auto-exploring this place.
 F = Levels seen in this place.
 G = Mean time per level.
                   A        B        C        D        E       F      G
               +--------+--------+--------+--------+--------+-----+--------+
         Total |  28081 |  26099 |   1982 |   2019 |  19528 |  28 | 1002.9 |
       Dungeon |  17092 |  15712 |   1380 |   1457 |  12078 |  15 | 1139.5 |
        Temple |     24 |     14 |     10 |      0 |      1 |   1 |   24.0 |
          Lair |   7043 |   6532 |    511 |    302 |   4938 |   6 | 1173.8 |
        Shoals |   1229 |   1198 |     31 |      5 |    849 |   2 |  614.5 |
  Orcish Mines |   1771 |   1722 |     49 |    255 |    914 |   2 |  885.5 |
         Sewer |    855 |    855 |      0 |      0 |    732 |   1 |  855.0 |
       Volcano |     63 |     63 |      0 |      0 |     15 |   1 |   63.0 |
               +--------+--------+--------+--------+--------+-----+--------+

Top non-repeatable levels by time:
     D:7: 1932 daAuts
  Lair:5: 1563 daAuts
     D:6: 1491 daAuts
     D:2: 1490 daAuts
     D:4: 1467 daAuts
     D:5: 1461 daAuts
     D:3: 1430 daAuts
     D:1: 1363 daAuts
  Lair:6: 1276 daAuts
     D:9: 1205 daAuts
  Lair:3: 1204 daAuts
  Lair:2: 1191 daAuts
    D:10: 1170 daAuts
   Orc:2: 1089 daAuts
Shoals:1: 999 daAuts
